 Dungeon Crawl Stone Soup version 0.28.0-53-g5a82cb258f (console) character file.

Game seed: 14251355482175341675

1038 erker the Digger (level 8, -3/50 HPs)
             Began as an Octopode Earth Elementalist on July 23, 2022.
             Killed from afar by a kobold (26 damage)
             ... with a bolt of acid
             ... on level 5 of the Dungeon.
             The game lasted 00:18:10 (5812 turns).

erker the Digger (Octopode Earth Elementalist)      Turns: 5812, Time: 00:18:11

Health: -3/50      AC:  1    Str: 14    XL:     8   Next: 24%
Magic:  9/11       EV: 13    Int: 19    God:
Gold:   190        SH:  5    Dex: 12    Spells: 4/11 levels left

rFire   . . .      SeeInvis .   a - +2 dagger (venom)
rCold   . . .      Faith    .   (no shield)
rNeg    . . .      Spirit   .   (helmet restricted)
rPois   .          Reflect  +   c - amulet of reflection
rElec   .          Harm     .   q - +6 ring of strength
rCorr   .          Rampage  .   (no ring)
Will    .....                   (no ring)
Stlth   ++++......              (no ring)
HPRegen 0.16/turn               (no ring)
MPRegen 0.12/turn               (no ring)
                                (no ring)
                                (no ring)

@: no status effects
A: almost no armour, amphibious, 8 rings, camouflage 1, gelatinous body 1,
nimble swimmer 1, tentacles
a: no special abilities


You were on level 5 of the Dungeon.
You visited 1 branch of the dungeon, and saw 5 of its levels.
You also visited: Sewer.

You collected 190 gold pieces.

Inventory:

Hand Weapons
 a - a +2 dagger of venom (weapon)
 b - a +2 dagger of holy wrath
 d - a +0 short sword
 v - a +3 short sword of protection
Missiles
 f - 3 curare-tipped darts
 i - 28 poisoned darts (quivered)
 k - 153 stones
Jewellery
 c - an amulet of reflection (around mantle)
 q - a +6 ring of strength (left tentacle)
 y - an amulet of faith
Wands
 x - a wand of flame (4)
Scrolls
 g - a scroll of enchant armour {unknown}
 h - a scroll of acquirement {unknown}
 m - 2 scrolls of vulnerability {unknown}
 n - a scroll of noise {unknown}
 o - 2 scrolls of teleportation {unknown}
 r - 4 scrolls of identify {unknown}
 s - a scroll of fog {unknown}
 t - a scroll of silence {unknown}
Potions
 e - a potion of heal wounds {unknown}
 j - a potion of brilliance {unknown}
 l - 2 potions of might {unknown}
 p - 3 potions of curing {unknown}
 u - 2 potions of magic {unknown}
 w - a potion of invisibility {unknown}


   Skills:
 - Level 2.0 Fighting
 - Level 2.0 Short Blades
 - Level 2.0 Dodging
 - Level 4.0 Stealth
 - Level 2.0 Spellcasting
 - Level 6.0 Transmutations
 + Level 6.7 Earth Magic


You had 4 spell levels left.
You knew the following spells:

 Your Spells              Type           Power      Damage    Failure   Level
a - Sandblast             Erth           54%        2d13      1%          1
p - Petrify               Tmut/Erth      26%        N/A       12%         4
w - Passwall              Tmut/Erth      21%        N/A       1%          2

Your spell library contained the following spells:

 Spells                   Type           Power      Damage    Failure   Level
 Stone Arrow              Conj/Erth      28%        3d8       13%         3
 Corpse Rot               Necr/Air       2%         N/A       26%         2
 Poisonous Vapours        Pois/Air       2%         N/A       26%         2


Dungeon Overview and Level Annotations

Branches:
Dungeon (5/15)              Sewer (visited)
 Temple: D:4-7

Altars:
Ashenzari
Cheibriados
Dithmenos
Okawaru
Qazlal
Zin

Annotations:
D:3 2 transporters, furman's ghost, amateur DjAE
D:5 muxecoid's ghost, weakling FoDe


Innate Abilities, Weirdness & Mutations

You cannot wear most types of armour.
You are amphibious.
You can wear up to eight rings at the same time.
Your skin changes colour to match your surroundings (Stealth+).
Your rubbery body absorbs attacks. (AC +1, EV +1)
You are camouflaged when in or above water. (Stealth+)
You have tentacles for arms and can constrict up to eight enemies at once.


Message History

You feel sick.
Casting: Passwall (safe; 1% risk of failure)
Confirm with . or Enter, or press ? or * to list all spells.
Aiming: Sandblast (safe; 1% risk of failure)
Press: ? - help, Shift-Dir - straight line, f - kobold brigand
Aim: a kobold brigand, wielding a +0 whip of distortion and quivering poisoned darts (76% to hit)
The blast of sand hits the kobold brigand.
The kobold brigand is lightly wounded.
k - 154 stones You feel sick.
Casting: Sandblast (safe; 1% risk of failure)
Confirm with . or Enter, or press ? or * to list all spells.
Aiming: Sandblast (safe; 1% risk of failure)
Press: ? - help, Shift-Dir - straight line, f/p - kobold brigand
Aim: a kobold brigand, wielding a +0 whip of distortion and quivering poisoned darts (lightly wounded, 76% to hit)
The blast of sand hits the kobold brigand!
The kobold brigand is heavily wounded.
k - 153 stones You feel sick.
You hit the kobold.
The kobold is poisoned.
Your grab misses the kobold. You squeeze the kobold.
You kill the kobold!
You feel sick.
The kobold zaps a wand.
You resist with some effort.
You closely miss the kobold brigand. You grab the kobold brigand.
The kobold brigand is heavily wounded.
You constrict the kobold brigand, but do no damage.
You feel sick.
You are no longer poisoned.
The kobold brigand barely misses you.
You hit the kobold brigand.
The kobold brigand is poisoned.
You squeeze the kobold brigand.
The kobold brigand is almost dead.
You constrict the kobold brigand.
The kobold brigand hits you with a +0 whip of distortion!
Space warps around you.
You release your grip on the kobold brigand.
You kill the kobold brigand!
The kobold zaps a wand.
The bolt of acid hits you!!
Ouch! That really hurt!
You die...

#.......# ##..P...#
#.......# #.♣...#..#
#.......# ##....P# .#
+.......# #.P≈≈♣.♣#.#
#.......# #.≈≈.≈....
#.......####P.≈≈♣♣...#
#...≈♣≈≈≈♣..#
#....≈≈≈♣≈..#
#..K.≈@≈≈≈..# )..##
#.KP...≈....# ....##
####..K♣P......#
...#.#
#...KW##♣......#
#.#.⌠# #...KK#
#PP..### ...#.#
#.....# ###P.#
..K.####.....# ###
'K'##(##.....###
.)...K####'##..#


You could see muxecoid's ghost and 5 kobolds.

Vanquished Creatures
  2 ogres
  3 kobold brigands
  A scorpion (D:4)
  A howler monkey (D:4)
  A quasit (Sewer)
  A hound (D:5)
  2 orc priests
  A bullfrog skeleton (D:2)
  Natasha (thrice) (D:2)
  An orc wizard (D:5)
  Robin (D:2)
  6 gnolls (D:3)
  A river rat (D:4)
  5 adders
  3 shadow imps (Sewer)
  5 ufetubi
  3 worms
  6 dart slugs
  8 orcs
  14 ball pythons
  9 endoplasms
  2 giant cockroaches
  8 hobgoblins
  A quokka (D:2)
  11 bats
  4 frilled lizards
  13 goblins
  23 kobolds
  2 kobold zombies (Sewer)
  5 rats
146 creatures vanquished.

Vanquished Creatures (others)
  3 kobold zombies (Sewer)
  6 plants (D:3)
9 creatures vanquished.

Grand Total: 155 creatures vanquished

Notes
Turn   | Place    | Note
-------+----------+-------------------------------------------
     0 | D:1      | erker the Octopode Earth Elementalist began the quest for
                  | the Orb.
     0 | D:1      | Reached XP level 1. HP: 11/11 MP: 3/3
   407 | D:1      | Reached XP level 2. HP: 17/17 MP: 3/5
   410 | D:1      | Learned a level 2 spell: Passwall
  1201 | D:1      | Reached skill level 1 in Fighting
  1201 | D:1      | Reached XP level 3. HP: 23/23 MP: 6/6
  1686 | D:2      | Found an iron altar of Okawaru.
  1688 | D:2      | Noticed Robin
  1731 | D:2      | Killed Robin
  1732 | D:2      | Reached skill level 1 in Short Blades
  1736 | D:1      | Reached XP level 4. HP: 16/28 MP: 0/7
  1921 | D:2      | Found a faded altar of an unknown god.
  2177 | D:2      | Reached XP level 5. HP: 34/34 MP: 4/8
  2242 | D:2      | Noticed Natasha
  2253 | D:2      | Killed Natasha
  2406 | D:2      | Noticed Natasha
  2411 | D:2      | Killed Natasha
  2739 | D:2      | Noticed Natasha
  2744 | D:2      | Killed Natasha
  2849 | D:2      | Learned a level 4 spell: Petrify
  2994 | D:3      | Found a transporter.
  2995 | D:3      | Noticed furman's ghost (amateur DjAE)
  3025 | D:3      | Reached XP level 6. HP: 36/39 MP: 9/9
  3670 | D:3      | Found a transporter.
  3956 | D:4      | Found a glowing drain.
  3993 | Sewer    | Entered a sewer
  4018 | Sewer    | Reached skill level 5 in Earth Magic
  4226 | Sewer    | Reached XP level 7. HP: 40/45 MP: 10/10
  4296 | Sewer    | Found a burning altar of Makhleb.
  4427 | Sewer    | Noticed Grinder
  4612 | D:4      | Found a broken altar of Ashenzari.
  4920 | D:4      | Found a stormy altar of Qazlal.
  5057 | D:4      | Found a glowing silver altar of Zin.
  5057 | D:4      | Found a shadowy altar of Dithmenos.
  5057 | D:4      | Found a snail-covered altar of Cheibriados.
  5329 | D:4      | Reached skill level 5 in Transmutations
  5652 | D:5      | Entered Level 5 of the Dungeon
  5691 | D:5      | Reached XP level 8. HP: 50/50 MP: 7/11
  5762 | D:5      | Found a runed translucent gate.
  5763 | D:5      | Found a runed translucent gate.
  5764 | D:5      | Noticed muxecoid's ghost (weakling FoDe)
  5765 | D:5      | Found a runed translucent gate.
  5812 | D:5      | Killed from afar by a kobold

Illustrated notes

Levels and vault maps discovered:
D:1:      nzn_arrival_water_spiral, layout_loops_ring,
          nicolae_figureground_pulse
D:2:      layout_loops_ring, basic_altar, chequers_ecumenical_altar_simple,
          uniq_natasha, uniq_robin
D:3:      layout_basic, gammafunk_ghost_gnarly_gnolls, minmay_misc_feat_alley
D:4:      layout_loops_ring, ashenzari_altar_1, grunt_qazlal_sundering,
          gammafunk_temple_overflow_forgotten, cheibrodos_sewer_entry_sluice,
          wad_orctagon
D:5:      layout_gridville, marbit_many_paths, temple_doors_cd,
          gammafunk_ghost_nasty_kobolds, serial_bayou_pond_a

Skill      XL: |  1  2  3  4  5  6  7 |
---------------+----------------------+-----
Stealth        | 3 4 |  4.0
Fighting       | 1 2 |  2.0
Short Blades   | 1 2 |  2.0
Earth Magic    | 4 5 6 |  6.7
Transmutations | 3 4 6 |  6.0
Dodging        | |  2.0
Spellcasting   | |  2.0

Action                   |  1- 3 |  4- 6 |  7- 9 || total
-------------------------+-------+-------+-------++-------
Melee: Unarmed           |    32 |       |       ||    32
       Constrict         |    22 |    34 |    22 ||    78
       Tentacles         |    12 |    22 |    18 ||    52
       Short sword       |    20 |       |       ||    20
       Punch             |     1 |       |     2 ||     3
       Dagger            |    22 |   125 |    78 ||   225
Throw: Dart              |       |       |     1 ||     1
 Cast: Sandblast         |    19 |    29 |     7 ||    55
       Passwall          |       |       |     5 ||     5
       Petrify           |       |       |     4 ||     4
 Stab: Sleeping          |    12 |    12 |     8 ||    32
       Distracted        |       |     1 |       ||     1
       Petrified         |       |       |     3 ||     3
Armor: Skin              |    16 |     3 |     6 ||    25
Dodge: Dodged            |    63 |    71 |    46 ||   180
Block: Other             |     9 |    20 |    16 ||    45
       Reflection        |       |     2 |       ||     2
